cohdb
Replays
Latest Replays
All Replays
Popular Replays
Top Player Replays
Match Explorer
How It Works
Community
CoH3 Stats
Reddit
Sign in to upload your games and track your stats! →
Sign in with Steam
Match 46212675
Unlisted
Match 46212675
Overview
Messages
Build Orders
End
Kettenkrad Recon Vehicle
Construct Infanterie Kompanie
Grenadier Squad
Grenadier Squad
MG 42 Machine Gun Team
Grenadier Squad
Construct Luftwaffe Kompanie
Medical Station
221 Scout Car
Construct Panzergrenadier Kompanie
Pak 40 Anti-tank Gun Team
Construct Panzer Kompanie
Stoßtruppen Squad
Panzer IV Medium Tank
Pak 40 Anti-tank Gun Team
Selects Breakthrough Battlegroup
Selects Assault Grenadiers
Selects Rapid Production
Selects Blitzkrieg
Selects Tiger Heavy Tank
Tiger Heavy Tank
Panzergrenadier Officer Quarters
Stoßtruppen Squad
Stoßtruppen Squad
Stoßtruppen Squad
Selects Breakthrough
Selects Incendiary Bombing Run
Stoßtruppen Squad
Panzer IV Medium Tank
Stoßtruppen Squad
Stoßtruppen Squad
Incendiary Bombing Run
Tommo [KSK]
AMIGO
0
0
Comments
sign in to comment!
No comments posted yet!